 Dungeon Crawl Stone Soup version 0.25-a0-420-g1cc7eeb0d1 (webtiles) character file.

Game seed: 7794579522259152425, levelgen mode: deterministic

146 ChaosChampion the Conjurer (level 4, -1/33 HPs)
             Began as a Demigod Conjurer on Jan 19, 2020.
             Slain by Pikel
             ... wielding a +0 whip of flaming
              (10 damage)
             ... on level 4 of the Dungeon.
             The game lasted 00:05:51 (2106 turns).

ChaosChampion the Conjurer (Demigod Conjurer)       Turns: 2106, Time: 00:05:52

Health: -1/33      AC:  3    Str: 16    XL:     4   Next: 79%
Magic:  5/10       EV: 12    Int: 21    God:
Gold:   64         SH:  0    Dex: 16    Spells: 5/8 levels left

rFire    . . .     SeeInvis .   (no weapon)
rCold    . . .     Gourm    .   (no shield)
rNeg     . . .     Faith    .   a - +0 robe
rPois    .         Spirit   .   (no helmet)
rElec    .         Reflect  .   (no cloak)
rCorr    .         Harm     .   (no gloves)
MR       .....                  n - +0 pair of boots (curse)
Stlth    +++.......             (no amulet)
HPRegen  0.11/turn              p - ring of stealth
MPRegen  0.12/turn              (no ring)

@: mighty
A: high mp 1
a: no special abilities


You were on level 4 of the Dungeon.
You were very hungry.

You visited 1 branch of the dungeon, and saw 4 of its levels.

You collected 64 gold pieces.

Inventory:

Missiles
 h - 3 atropa-tipped darts (quivered)
Armour
 a - a +0 robe (worn)
 n - a cursed +0 pair of boots (worn)
Jewellery
 p - a ring of stealth (left hand)
Scrolls
 d - 2 scrolls of remove curse {unknown}
 i - a scroll of amnesia {unknown}
 j - a scroll of enchant armour {unknown}
 l - a scroll of teleportation {unknown}
 m - a scroll of identify {unknown}
Potions
 g - a potion of flight {unknown}
 k - a potion of berserk rage {unknown}
 o - a potion of invisibility {unknown}
 q - a potion of degeneration {unknown}
 r - a potion of curing {unknown}
Comestibles
 c - a ration


   Skills:
 - Level 1.7 Dodging
 + Level 2.1 Stealth
 + Level 2.7 Spellcasting
 * Level 5.1 Conjurations


You had 5 spell levels left.
You knew the following spells:

 Your Spells              Type           Power        Failure   Level  Hunger
a - Magic Dart            Conj           ###.         1%          1    None
b - Searing Ray           Conj           ###...       2%          2    ##.....

Your spell library contained the following spells:

 Spells                   Type           Power        Failure   Level  Hunger
 Dazzling Flash           Conj/Hex       ##....       14%         3    ###....
 Fulminant Prism          Conj/Hex       ##........   43%         4    ####...
 Iskenderun's Mystic Bla  Conj/Tloc      ##......     43%         4    ####...


Dungeon Overview and Level Annotations

Branches:
Dungeon (4/15)
 Temple: D:4-7

Annotations:
D:3 Voker57's ghost, weakling SpBe
D:4 Pikel


Innate Abilities, Weirdness & Mutations

You have an increased reservoir of magic. (+10% MP)


Message History

The slave hits you but does no damage. Pikel hits you but does no damage.
You pummel the slave!!
You kill the slave!
That felt strangely unrewarding.
Pikel hits you but does no damage.
You cannot move.
You smack Pikel!
Pikel is moderately wounded.
Pikel hits you but does no damage.
You miss Pikel.
Pikel is moderately wounded.
Pikel hits you but does no damage.
You smack Pikel!
Pikel is severely wounded.
You feel less wooden.
Your cursed +0 pair of boots unmelds from your body.
Your +0 robe unmelds from your body.
Pikel closely misses you.
You hit Pikel but do no damage.
Pikel is severely wounded.
Pikel hits you with a +0 whip of flaming!
You die...

###
.##..#.
.........
..>.#..#
#.#.#..
.. .....
#...
...#.....
##K†..#
#.@# #.##
#. .. ##.
##


You could see Pikel.

Vanquished Creatures
  4 slaves (D:4)
  A worker ant (D:4)
  6 adders
  An ooze (D:1)
  3 dart slugs
  A giant cockroach (D:2)
  7 goblins
  10 hobgoblins
  5 jackals
  A quokka (D:2)
  8 bats
  4 frilled lizards
  7 kobolds
  6 rats
64 creatures vanquished.

Notes
Turn   | Place    | Note
-------+----------+-------------------------------------------
     0 | D:1      | ChaosChampion the Demigod Conjurer began the quest for the
                  | Orb.
     0 | D:1      | Reached XP level 1. HP: 14/14 MP: 5/5
   262 | D:1      | Reached skill level 4 in Conjurations
   262 | D:1      | Reached XP level 2. HP: 16/20 MP: 1/7
   684 | D:1      | Reached XP level 3. HP: 15/26 MP: 0/8
   782 | D:1      | Learned a level 2 spell: Searing Ray
  1335 | D:2      | Found a blossoming altar of Fedhas.
  1426 | D:2      | Found an iron altar of Okawaru.
  1473 | D:2      | Found a radiant altar of Vehumet.
  1473 | D:2      | Found a shattered altar of Ashenzari.
  1763 | D:2      | Reached XP level 4. HP: 24/33 MP: 1/10
  2001 | D:3      | Found a large runed translucent door.
  2001 | D:3      | Found a large runed translucent door.
  2004 | D:3      | Noticed Voker57's ghost (weakling SpBe)
  2064 | D:4      | Noticed Pikel
  2064 | D:4      | Noticed a slave
  2064 | D:4      | Noticed a slave
  2065 | D:4      | Noticed a slave
  2065 | D:4      | Noticed a slave
  2070 | D:4      | Reached skill level 5 in Conjurations
  2081 | D:4      | Killed a slave
  2087 | D:4      | Killed a slave
  2092 | D:4      | Killed a slave
  2102 | D:4      | Killed a slave
  2106 | D:4      | Slain by Pikel

Levels and vault maps discovered:
D:1:      nagdon_arrival_zigzag_paths, layout_basic
D:2:      layout_basic, okawaru_gym_becter, nicolae_overflow_crystal_walls,
          gammafunk_temple_overflow_pools
D:3:      layout_basic, grunt_temple_overflow_gold_and_silver,
          ebering_ghost_disaster_area
D:4:      layout_loops_cross, kennysheep_mini_moat, yredelemnul_altar_generic,
          uniq_pikel

Skill      XL: |  1  2  3  4 |
---------------+-------------+-----
Spellcasting   | 2 |  2.7
Conjurations   | 4 5 |  5.1
Stealth        | 2 |  2.1
Dodging        | |  1.7

Action                   |  1- 3 |  4- 6 || total
-------------------------+-------+-------++-------
Melee: Unarmed           |     3 |    37 ||    40
Throw: Dart              |       |     4 ||     4
 Cast: Magic Dart        |   103 |     7 ||   110
       Searing Ray       |     1 |     3 ||     4
  Use: Potion            |       |     3 ||     3
  Eat: Chunk             |     2 |     1 ||     3
Armor: Robe              |     6 |    30 ||    36
       Skin              |       |    65 ||    65
Dodge: Dodged            |    28 |    44 ||    72

Table legend:
 A = Non-vault XP
 B = Vault XP
 C = Vault XP percentage of total XP
 D = Non-vault monster count
 E = Vault monster count
 F = Vault count percentage of total count
                 A         B        C        D         E       F
            +---------+---------+-------+---------+---------+-------
      Total |     209 |       0 |   0.0 |      60 |       0 |   0.0
            +---------+---------+-------+---------+---------+-------
        D:1 |      57 |       0 |   0.0 |      31 |       0 |   0.0
        D:2 |      70 |       0 |   0.0 |      19 |       0 |   0.0
        D:3 |      23 |       0 |   0.0 |       7 |       0 |   0.0
        D:4 |      59 |       0 |   0.0 |       3 |       0 |   0.0
            +---------+---------+-------+---------+---------+-------
